[ AOE2 MATCH · #505936205 ]
UnrankedKhmer vs Mongols
Player's team · WIN
Rival team · LOSS
[ REPLAY ANALYSIS · EXTRACTED FROM THE RECORDED GAME ]
Feudal
10:03
Castle
—
Imperial
—
| APM avg | 60.4 |
| APM peak | 93 |
| eAPM avg | 31.2 |
| Villagers / military | 27 / 76 |
Focus
⚔️ 46.8% · 🌾 53.2%
Spearman ×25 · Archer ×23 · Militia ×12 · Skirmisher ×9 · Scout Cavalry ×7
Feudal
8:30
Castle
30:04
Imperial
—
| APM avg | 40.2 |
| APM peak | 82 |
| eAPM avg | 17.0 |
| Villagers / military | 53 / 35 |
Focus
⚔️ 38.4% · 🌾 61.6%
Skirmisher ×14 · Scout Cavalry ×11 · Knight ×7 · Fishing Ship ×4 · Spearman ×2 · Archer ×1
Match map
Initial resources + every placement click. Lines = walls · curves = elevation contours. ◆ gold · ⬟ stone · ● berries · ✦ relic · ◌ wall gap
Your base· Open — unwalled flank
Zark23's base· Open — unwalled flank
Smoothed initial terrain · ◌ = detected wall gap · hover for details
Inputs per minute
— Philippvs II - - Zark23
Build order — Philippvs II
First 150 of 174 actions detected
| 0:00 | Research | Loom |
| 0:02 | Queue | Villager (Male) |
| 0:02 | Queue | Villager (Male) |
| 0:05 | Build | House |
| 0:09 | Build | House |
| 0:13 | Build | House |
| 0:14 | Queue | Villager (Male) |
| 0:14 | Queue | Villager (Male) |
| 1:54 | Build | House |
| 2:01 | Queue | Villager (Male) |
| 2:02 | Queue | Villager (Male) |
| 2:23 | Queue | Villager (Male) |
| 3:07 | Queue | Villager (Male) |
| 3:29 | Queue | Villager (Male) |
| 4:21 | Queue | Villager (Male) |
| 5:03 | Build | Barracks |
| 5:30 | Queue | Villager (Male) |
| 5:34 | Build | House |
| 5:46 | Queue | Militia |
| 5:46 | Queue | Militia |
| 5:47 | Queue | Militia |
| 5:47 | Queue | Militia |
| 5:59 | Queue | Villager (Male) |
| 6:06 | Build | Lumber Camp |
| 7:53 | Research | Feudal Age |
| 7:54 | Research | Feudal Age |
| 8:11 | Build | Mining Camp |
| 9:08 | Queue | Militia |
| 10:03 | Age | Feudal Age |
| 10:07 | Build | Watch Tower |
| 10:10 | Build | Archery Range |
| 10:29 | Build | House |
| 10:35 | Build | House |
| 11:52 | Build | Palisade Wall |
| 12:10 | Queue | Villager (Male) |
| 12:27 | Build | Farm |
| 12:28 | Build | Farm |
| 12:31 | Build | Farm |
| 12:31 | Queue | Villager (Male) |
| 12:36 | Queue | Skirmisher |
| 12:36 | Queue | Skirmisher |
| 12:40 | Build | House |
| 13:17 | Queue | Spearman |
| 13:31 | Build | Stable |
| 13:38 | Queue | Skirmisher |
| 13:40 | Queue | Skirmisher |
| 14:25 | Build | Farm |
| 14:26 | Build | Farm |
| 14:29 | Queue | Skirmisher |
| 14:56 | Queue | Scout Cavalry |
| 15:02 | Queue | Skirmisher |
| 15:25 | Queue | Skirmisher |
| 15:34 | Build | Farm |
| 15:37 | Build | Mining Camp |
| 15:50 | Build | Watch Tower |
| 15:53 | Queue | Villager (Male) |
| 15:59 | Queue | Skirmisher |
| 16:07 | Queue | Archer |
| 16:32 | Queue | Militia |
| 16:50 | Build | Watch Tower |
| 17:01 | Queue | Skirmisher |
| 17:04 | Queue | Spearman |
| 17:12 | Build | House |
| 17:20 | Build | House |
| 17:22 | Queue | Villager (Male) |
| 17:25 | Build | House |
| 17:32 | Queue | Archer |
| 17:39 | Build | House |
| 17:41 | Build | House |
| 17:51 | Queue | Spearman |
| 18:10 | Queue | Spearman |
| 18:29 | Build | Blacksmith |
| 18:30 | Queue | Villager (Male) |
| 18:41 | Queue | Militia |
| 18:43 | Queue | Archer |
| 18:44 | Queue | Archer |
| 19:04 | Build | Watch Tower |
| 19:17 | Queue | Spearman |
| 19:33 | Queue | Villager (Male) |
| 20:05 | Build | Watch Tower |
| 20:13 | Build | House |
| 20:14 | Build | House |
| 20:19 | Queue | Militia |
| 20:23 | Queue | Archer |
| 20:36 | Build | House |
| 20:39 | Build | House |
| 20:40 | Build | Stone Wall |
| 20:46 | Queue | Archer |
| 20:56 | Queue | Villager (Male) |
| 21:26 | Queue | Militia |
| 21:29 | Research | Man-at-Arms (upgrade) |
| 22:03 | Queue | Scout Cavalry |
| 22:19 | Build | Palisade Wall |
| 22:20 | Build | Palisade Wall |
| 22:38 | Queue | Militia |
| 22:47 | Queue | Villager (Male) |
| 22:51 | Queue | Archer |
| 23:11 | Build | Watch Tower |
| 23:20 | Queue | Spearman |
| 23:26 | Queue | Archer |
| 23:57 | Queue | Militia |
| 23:59 | Queue | Archer |
| 24:15 | Queue | Spearman |
| 24:42 | Build | House |
| 25:02 | Build | Watch Tower |
| 25:14 | Build | House |
| 25:16 | Build | Stone Wall |
| 25:20 | Queue | Archer |
| 25:29 | Queue | Militia |
| 25:31 | Research | Arson |
| 25:49 | Queue | Archer |
| 25:50 | Queue | Archer |
| 26:04 | Build | House |
| 26:22 | Queue | Archer |
| 26:26 | Queue | Scout Cavalry |
| 26:26 | Queue | Scout Cavalry |
| 26:35 | Build | House |
| 26:40 | Build | House |
| 26:51 | Queue | Archer |
| 26:54 | Queue | Scout Cavalry |
| 26:59 | Build | Lumber Camp |
| 27:19 | Research | Scale Mail Armor |
| 28:04 | Build | Lumber Camp |
| 28:37 | Research | Fletching |
| 28:41 | Queue | Villager (Male) |
| 28:57 | Queue | Archer |
| 29:37 | Queue | Scout Cavalry |
| 29:38 | Queue | Archer |
| 29:55 | Queue | Archer |
| 29:56 | Queue | Scout Cavalry |
| 30:00 | Build | Farm |
| 30:49 | Queue | Spearman |
| 30:49 | Queue | Spearman |
| 31:00 | Queue | Archer |
| 31:02 | Queue | Villager (Male) |
| 31:07 | Queue | Villager (Male) |
| 31:16 | Queue | Archer |
| 31:34 | Queue | Villager (Male) |
| 31:35 | Build | Farm |
| 31:43 | Build | Lumber Camp |
| 31:52 | Queue | Spearman |
| 32:39 | Build | Barracks |
| 32:42 | Build | House |
| 32:43 | Build | House |
| 33:22 | Queue | Spearman |
| 33:25 | Queue | Archer |
| 33:43 | Queue | Spearman |
| 33:49 | Research | Forging |
| 33:52 | Queue | Spearman |
| 33:52 | Queue | Spearman |
Build order — Zark23
136 actions detected in the replay
| 0:01 | Queue | Villager (Male) |
| 0:01 | Queue | Villager (Male) |
| 0:02 | Build | House |
| 0:05 | Research | Loom |
| 0:07 | Build | House |
| 0:08 | Build | House |
| 0:24 | Queue | Villager (Male) |
| 0:24 | Queue | Villager (Male) |
| 0:41 | Queue | Villager (Male) |
| 1:28 | Queue | Villager (Male) |
| 1:28 | Queue | Villager (Male) |
| 1:51 | Build | Lumber Camp |
| 1:52 | Queue | Villager (Male) |
| 2:08 | Queue | Villager (Male) |
| 2:39 | Queue | Villager (Male) |
| 3:13 | Queue | Villager (Male) |
| 3:25 | Queue | Villager (Male) |
| 3:37 | Queue | Villager (Male) |
| 3:59 | Queue | Villager (Male) |
| 4:09 | Queue | Villager (Male) |
| 4:15 | Build | Mill |
| 4:45 | Build | House |
| 4:46 | Queue | Villager (Male) |
| 5:31 | Queue | Villager (Male) |
| 5:45 | Build | House |
| 6:17 | Research | Feudal Age |
| 6:37 | Queue | Villager (Male) |
| 6:40 | Build | House |
| 6:48 | Queue | Villager (Male) |
| 7:52 | Build | Barracks |
| 8:00 | Build | House |
| 8:09 | Build | Palisade Wall |
| 8:16 | Build | Palisade Wall |
| 8:17 | Queue | Villager (Male) |
| 8:30 | Age | Feudal Age |
| 8:42 | Queue | Spearman |
| 9:23 | Queue | Villager (Male) |
| 9:36 | Queue | Spearman |
| 10:08 | Build | Archery Range |
| 10:47 | Queue | Villager (Male) |
| 10:51 | Build | House |
| 10:52 | Build | House |
| 10:53 | Queue | Archer |
| 11:38 | Queue | Skirmisher |
| 12:04 | Queue | Skirmisher |
| 12:05 | Queue | Skirmisher |
| 12:12 | Queue | Villager (Male) |
| 12:12 | Queue | Villager (Male) |
| 12:21 | Queue | Skirmisher |
| 13:04 | Build | Lumber Camp |
| 13:21 | Queue | Villager (Male) |
| 13:21 | Queue | Villager (Male) |
| 13:21 | Queue | Villager (Male) |
| 13:36 | Build | House |
| 13:40 | Build | Mining Camp |
| 14:18 | Queue | Villager (Male) |
| 14:30 | Queue | Skirmisher |
| 14:33 | Build | Farm |
| 14:35 | Build | Farm |
| 14:55 | Queue | Skirmisher |
| 15:11 | Build | Stable |
| 15:14 | Queue | Skirmisher |
| 15:31 | Queue | Villager (Male) |
| 15:31 | Queue | Villager (Male) |
| 15:37 | Build | Dock |
| 15:38 | Queue | Villager (Male) |
| 15:48 | Queue | Scout Cavalry |
| 15:49 | Queue | Scout Cavalry |
| 16:00 | Build | House |
| 16:03 | Build | House |
| 16:26 | Build | Farm |
| 16:27 | Build | Farm |
| 16:41 | Queue | Scout Cavalry |
| 16:44 | Build | Farm |
| 16:45 | Build | Farm |
| 16:55 | Queue | Skirmisher |
| 17:00 | Queue | Scout Cavalry |
| 17:14 | Queue | Villager (Male) |
| 17:19 | Queue | Fishing Ship |
| 17:19 | Queue | Fishing Ship |
| 17:24 | Build | Farm |
| 17:28 | Queue | Villager (Male) |
| 17:44 | Queue | Villager (Male) |
| 18:11 | Queue | Scout Cavalry |
| 18:32 | Queue | Fishing Ship |
| 18:32 | Queue | Fishing Ship |
| 18:34 | Queue | Villager (Male) |
| 18:37 | Build | Farm |
| 18:39 | Queue | Skirmisher |
| 18:52 | Build | Lumber Camp |
| 19:09 | Queue | Scout Cavalry |
| 19:25 | Queue | Villager (Male) |
| 20:03 | Queue | Villager (Male) |
| 20:04 | Queue | Villager (Male) |
| 20:07 | Queue | Villager (Male) |
| 21:14 | Queue | Scout Cavalry |
| 21:14 | Queue | Scout Cavalry |
| 21:33 | Queue | Scout Cavalry |
| 21:33 | Queue | Scout Cavalry |
| 21:39 | Build | Lumber Camp |
| 21:43 | Queue | Skirmisher |
| 21:44 | Queue | Skirmisher |
| 22:01 | Queue | Skirmisher |
| 22:17 | Queue | Villager (Male) |
| 22:40 | Queue | Villager (Male) |
| 22:59 | Queue | Villager (Male) |
| 23:01 | Queue | Scout Cavalry |
| 23:38 | Queue | Villager (Male) |
| 24:11 | Queue | Skirmisher |
| 24:11 | Queue | Skirmisher |
| 24:35 | Queue | Villager (Male) |
| 24:39 | Build | Watch Tower |
| 26:19 | Queue | Villager (Male) |
| 26:41 | Build | Market |
| 26:59 | Queue | Villager (Male) |
| 27:03 | Queue | Villager (Male) |
| 27:11 | Research | Castle Age |
| 28:01 | Queue | Villager (Male) |
| 28:47 | Build | Mining Camp |
| 29:27 | Build | Dock |
| 30:04 | Age | Castle Age |
| 30:07 | Queue | Knight |
| 30:07 | Queue | Knight |
| 30:08 | Queue | Knight |
| 30:40 | Build | Farm |
| 30:45 | Queue | Knight |
| 31:05 | Queue | Knight |
| 31:05 | Queue | Knight |
| 31:57 | Build | Lumber Camp |
| 32:24 | Queue | Knight |
| 33:54 | Queue | Villager (Male) |
| 35:45 | Build | Lumber Camp |
| 38:00 | Queue | Villager (Male) |
| 38:18 | Queue | Villager (Male) |
| 40:36 | Queue | Villager (Male) |
| 40:39 | Queue | Villager (Male) |
Match timeline
| 5:03 | Philippvs II · first_building Barracks |
| 7:52 | Zark23 · first_building Barracks |
| 8:09 | Zark23 · wall_segment Palisade Wall x1 |
| 8:16 | Zark23 · wall_segment Palisade Wall x4 |
| 8:30 | Zark23 · age_up feudal |
| 10:03 | Philippvs II · age_up feudal |
| 10:08 | Zark23 · first_building Archery Range |
| 10:10 | Philippvs II · first_building Archery Range |
| 11:52 | Philippvs II · wall_segment Palisade Wall x1 |
| 13:31 | Philippvs II · first_building Stable |
| 15:11 | Zark23 · first_building Stable |
| 15:37 | Zark23 · first_building Dock |
| 20:40 | Philippvs II · wall_segment Stone Wall x1 |
| 22:19 | Philippvs II · wall_segment Palisade Wall x1 |
| 22:20 | Philippvs II · wall_segment Palisade Wall x1 |
| 25:16 | Philippvs II · wall_segment Stone Wall x1 |
| 27:07 | Zark23 · first_market_buy 500 food |
| 30:04 | Zark23 · age_up castle |
| 40:47 | Zark23 · resign |
[ AI ANALYSIS · 1 CREDIT ]
What really happened in this match?
Wolo.gg analyzes every decision: build order, eco, micro, common mistakes by bracket. Personalized analysis on WhatsApp or Discord in 30 seconds.
Civ guide
Khmer
Perfil
Philippvs II